 Dungeon Crawl Stone Soup version 0.28-a0-973-ga7f8b01127 (webtiles) character file.

Game seed: 4721898477553883939

258 zxcva the Digger (level 5, -1/28 HPs)
             Began as a Deep Elf Earth Elementalist on Dec 1, 2021.
             Slain by an orc priest (8 damage)
             ... on level 3 of the Dungeon.
             The game lasted 00:04:26 (2603 turns).

zxcva the Digger (Deep Elf Earth Elementalist)      Turns: 2603, Time: 00:04:28

Health: -1/28      AC:  2    Str:  5    XL:     5   Next: 94%
Magic:  3/14       EV: 13    Int: 22    God:
Gold:   149        SH:  0    Dex: 15    Spells: 9/13 levels left

rFire   . . .      SeeInvis .   (no weapon)
rCold   . . .      Faith    .   (no shield)
rNeg    . . .      Spirit   .   b - +0 robe
rPois   .          Reflect  .   (no helmet)
rElec   .          Harm     .   (no cloak)
rCorr   .          Rampage  .   (no gloves)
Will    .....                   (no boots)
Stlth   ++........              (no amulet)
HPRegen 0.09/turn               (no ring)
MPRegen 0.14/turn               (no ring)

@: no status effects
A: no striking features
a: no special abilities


You were on level 3 of the Dungeon.
You visited 1 branch of the dungeon, and saw 3 of its levels.

You collected 149 gold pieces.

Inventory:

Missiles
 c - 17 stones
Armour
 b - a +0 robe (worn)
Jewellery
 d - a ring of willpower
Wands
 p - a wand of iceblast (13)
Scrolls
 e - 2 scrolls of acquirement {unknown}
 h - a scroll of noise {unknown}
 i - 5 scrolls of identify {unknown}
 j - a scroll of fog {unknown}
 m - a scroll of teleportation {unknown}
 o - a scroll of immolation {unknown}
 t - a scroll of enchant armour {unknown}
Potions
 a - 2 potions of degeneration {unknown}
 f - a potion of berserk rage {unknown}
 g - a potion of heal wounds {unknown}
 k - 2 potions of cancellation {unknown}
 l - 2 potions of curing {unknown}
 n - 3 potions of mutation {unknown}
 q - 3 potions of flight {unknown}
 r - a potion of resistance {unknown}
 s - a potion of lignification {unknown}


   Skills:
 + Level 3.7 Dodging
 - Level 3.0 Stealth
 + Level 4.7 Spellcasting
 * Level 1.1 Conjurations
 - Level 2.5 Transmutations
 * Level 5.1 Earth Magic


You had 9 spell levels left.
You knew the following spells:

 Your Spells              Type           Power      Damage    Failure   Level
a - Sandblast             Erth           54%        2d13      1%          1
b - Stone Arrow           Conj/Erth      38%        3d9       9%          3

Your spell library contained the following spells:

 Spells                   Type           Power      Damage    Failure   Level
 Passwall                 Tmut/Erth      18%        N/A       3%          2
 Magic Dart               Conj           40%        1d5       6%          1
 Searing Ray              Conj           20%        2d5       10%         2
 Animate Skeleton         Necr           10%        N/A       11%         1
 Apportation              Tloc           10%        N/A       11%         1
 Summon Small Mammal      Summ           20%        N/A       11%         1
 Blink                    Tloc           10%        N/A       16%         2
 Petrify                  Tmut/Erth      22%        N/A       22%         4
 Lesser Beckoning         Tloc           5%         N/A       30%         3
 Fulminant Prism          Conj/Hex       3%         3d6       63%         4
 Manifold Assault         Tloc           5%         N/A       96%         5
 Storm Form               Tmut/Air       5%         N/A       100%        7


Dungeon Overview and Level Annotations

Branches:
Dungeon (3/15)

Altars:


Message History

Your magical contamination has completely faded away.
Casting: Sandblast (safe; 1% risk of failure)
Confirm with . or Enter, or press ? or * to list all spells.
Aiming: Sandblast (safe; 1% risk of failure)
Press: ? - help, Shift-Dir - straight line, f/p - orc
Aim: an orc, wielding a +0 dagger (lightly wounded, 81% to hit)
The blast of sand hits the orc!!
You kill the orc!
Casting: Sandblast (safe; 1% risk of failure)
Confirm with . or Enter, or press ? or * to list all spells.
Aiming: Sandblast (safe; 1% risk of failure)
Press: ? - help, Shift-Dir - straight line, f - orc priest
Aim: an orc priest, wielding a +0 club (81% to hit)
The blast of sand hits the orc priest!
You kill the orc priest!
Your Conjurations skill increases to level 1!
Casting: Sandblast (safe; 1% risk of failure)
Confirm with . or Enter, or press ? or * to list all spells.
Aiming: Sandblast (safe; 1% risk of failure)
Press: ? - help, Shift-Dir - straight line, f - orc priest
Aim: an orc priest, wielding a +0 mace and wearing a +0 leather armour (81% to hit)
The blast of sand misses the orc priest.
Casting: Sandblast (safe; 1% risk of failure)
Confirm with . or Enter, or press ? or * to list all spells.
Aiming: Sandblast (safe; 1% risk of failure)
Press: ? - help, Shift-Dir - straight line, f/p - orc priest
Aim: an orc priest, wielding a +0 mace and wearing a +0 leather armour (81% to hit)
The blast of sand hits the orc priest.
The orc priest is lightly wounded.
The orc priest hits you with a +0 mace!
* * * LOW HITPOINT WARNING * * *
Casting: Sandblast (safe; 1% risk of failure)
Confirm with . or Enter, or press ? or * to list all spells.
Aiming: Sandblast (safe; 1% risk of failure)
Press: ? - help, Shift-Dir - straight line, f/p - orc priest
Aim: an orc priest, wielding a +0 mace and wearing a +0 leather armour (lightly wounded, 81% to hit)
The blast of sand hits the orc priest!
The orc priest is heavily wounded.
The orc priest hits you with a +0 mace!
You die...

###### .....#
###############.....##
#...........@o'.....'.
#.#############)....##
#.######## ...^.#
#>........ .o.o.'.
#.######## ..o?.## #.#
.....# #.# .....#
####'# .....#
#....#######


You could see an orc priest.

Vanquished Creatures
  A hound (D:3)
  An orc priest (D:3)
  Jessica (D:2)
  A scorpion zombie (D:2)
  4 gnolls (D:3)
  4 adders
  2 dart slugs
  4 orcs (D:3)
  10 ball pythons
  8 bats
  A bat skeleton (D:2)
  4 endoplasms (D:1)
  2 giant cockroaches (D:3)
  6 goblins
  A hobgoblin (D:1)
  4 jackals (D:1)
  3 kobolds
  2 quokkas
  3 frilled lizards
  A quokka skeleton (D:2)
  2 quokka zombies (D:2)
  5 rats
70 creatures vanquished.

Notes
Turn   | Place    | Note
-------+----------+-------------------------------------------
     0 | D:1      | zxcva the Deep Elf Earth Elementalist began the quest for
                  | the Orb.
     0 | D:1      | Reached XP level 1. HP: 10/10 MP: 6/6
   234 | D:1      | Reached XP level 2. HP: 15/15 MP: 6/8
   670 | D:1      | Found a faded altar of an unknown god.
   819 | D:2      | Reached XP level 3. HP: 19/19 MP: 8/10
   823 | D:2      | Learned a level 3 spell: Stone Arrow
   992 | D:2      | You fall into a shaft and drop 1 floor!
   999 | D:3      | Reached skill level 4 in Earth Magic
  1162 | D:2      | Noticed Jessica
  1329 | D:3      | Reached XP level 4. HP: 24/24 MP: 7/11
  1466 | D:2      | Killed Jessica
  1495 | D:2      | Reached XP level 5. HP: 28/28 MP: 10/13
  2232 | D:3      | Reached skill level 5 in Earth Magic
  2601 | D:3      | Reached skill level 1 in Conjurations
  2603 | D:3      | Slain by an orc priest

Illustrated notes

Levels and vault maps discovered:
D:1:      minmay_arrival_open_corners, layout_rooms,
          chequers_ecumenical_altar_island, minmay_pentomino_z4
D:2:      layout_rooms, serial_undead, serial_undead_e, serial_undead_e,
          serial_undead_a, serial_undead_d, item_on_display_a, uniq_jessica
D:3:      layout_basic, hex_medium, minmay_snake_closets

Skill      XL: |  1  2  3  4  5 |
---------------+----------------+-----
Earth Magic    | 4 5 |  5.1
Stealth        | 3 |  3.0
Dodging        | 3 |  3.7
Spellcasting   | 4 |  4.7
Transmutations | 2 |  2.5
Conjurations   | 1 |  1.1

Action                   |  1- 3 |  4- 6 || total
-------------------------+-------+-------++-------
 Cast: Sandblast         |    63 |    32 ||    95
       Stone Arrow       |       |    12 ||    12
Armor: Robe              |     2 |     2 ||     4
Dodge: Dodged            |    16 |     6 ||    22

Table legend: (Time is in decaauts)
 A = Elapsed time spent in this place.
 B = Non-inter-level travel time spent in this place.
 C = Inter-level travel time spent in this place.
 D = Time resting spent in this place.
 E = Time spent auto-exploring this place.
 F = Levels seen in this place.
 G = Mean time per level.
                   A        B        C        D        E       F      G
               +--------+--------+--------+--------+--------+-----+--------+
         Total |   2607 |   2564 |     43 |    520 |   1614 |   3 |  869.0 |
       Dungeon |   2607 |   2564 |     43 |    520 |   1614 |   3 |  869.0 |
               +--------+--------+--------+--------+--------+-----+--------+

Top non-repeatable levels by time:
     D:3: 1133 daAuts
     D:1: 780 daAuts
     D:2: 693 daAuts
